 Dungeon Crawl Stone Soup version 0.23.2-40-g277498a001 (webtiles) character file.

Game seed: 6576509570196752460

6889 Htamos the Tainter (level 11, -2/97 HPs)
             Began as a Naga Venom Mage on Sept 2, 2019.
             Was a Priest of Dithmenos.
             Slain by a two-headed ogre
             ... wielding a +0 giant club
              (14 damage)
             ... on level 10 of the Dungeon.
             The game lasted 00:53:42 (16277 turns).

Htamos the Tainter (Naga Venom Mage)               Turns: 16277, Time: 00:53:42

Health: -2/97      AC:  6    Str: 13    XL:     11   Next: 6%
Magic:  0/19       EV: 10    Int: 18    God:    Dithmenos [***...]
Gold:   531        SH:  5    Dex: 12    Spells: 6/21 levels left

rFire    . . .     SeeInvis +   A - +3 dagger (pain)
rCold    . . .     Gourm    .   d - +0 buckler
rNeg     . . .     Faith    .   O - +2 robe {MR+}
rPois    +         Spirit   +   (no helmet)
rElec    .         Reflect  .   k - scarf {Spirit}
rCorr    .         Harm     .   (no gloves)
MR       ++...                  (no barding)
Stlth    ++++++....             (no amulet)
HPRegen  0.26/turn              K - +2 ring of intelligence
MPRegen  0.16/turn              y - ring of wizardry

@: short of breath, wreathed by umbra, very slow
A: large, stinger 1, see invisible, deformed body, deterioration 1, poison
resistance, slowness 2, slow metabolism 1, spit poison 1, evolution 1, AC +3
a: Spit Poison, Shadow Step, Renounce Religion


You were on level 10 of the Dungeon.
You worshipped Dithmenos.
Dithmenos was most pleased with you.
You were hungry.

You visited 2 branches of the dungeon, and saw 11 of its levels.
You also visited: Sewer.

You collected 531 gold pieces.

Inventory:

Hand Weapons
 b - a +0 whip
 j - a +0 vampiric dagger
 n - a +0 whip of flaming
 p - a +0 blowgun
 s - a +0 great mace
 A - a +3 dagger of pain (weapon)
Missiles
 q - 15 poisoned needles
Armour
 a - a +0 robe
 d - a +0 buckler (worn)
 e - a +0 plate armour
 k - a scarf of spirit shield (worn)
 t - a +0 ring mail
 B - a +0 ring mail
 G - +0 steam dragon scales
 I - a +0 troll leather armour {Purgy}
 O - a +2 robe of magic resistance (worn)
Jewellery
 g - an uncursed ring of stealth
 m - an uncursed ring of magical power
 v - a +1 ring of protection
 y - a ring of wizardry (right hand)
 H - an uncursed ring of flight
 K - a +2 ring of intelligence (left hand)
 L - an uncursed ring of ice
 P - a +3 ring of evasion {unknown}
Wands
 M - a wand of paralysis (9)
Scrolls
 f - 12 scrolls of identify
 o - 4 scrolls of teleportation
 r - a scroll of blinking
 w - 9 scrolls of remove curse
 x - 2 scrolls of amnesia
 D - 2 scrolls of immolation
 F - 3 scrolls of magic mapping
 J - a scroll of fog
 N - a scroll of noise {unknown}
Potions
 h - a potion of haste
 i - 7 potions of flight
 l - 2 potions of brilliance
 u - a potion of resistance
 z - a potion of curing
 E - a potion of mutation
Comestibles
 c - 14 rations


   Skills:
 + Level 5.7 Fighting
 + Level 4.5 Short Blades
 - Level 2.5 Maces & Flails
 - Level 1.5 Dodging
 + Level 9.9 Stealth
 - Level 4.0 Shields
 + Level 5.6 Spellcasting
 + Level 5.9 Conjurations
 + Level 1.4 Air Magic
 * Level 11.6 Poison Magic
 + Level 1.3 Evocations


You had 6 spell levels left.
You knew the following spells:

 Your Spells              Type           Power        Failure   Level  Hunger
a - Sting                 Conj/Pois      ####         1%          1    None
b - Poisonous Vapours     Pois/Air       ####..       1%          2    None
c - Mephitic Cloud        Conj/Pois/Air  ####....     1%          3    ##.....
d - Olgreb's Toxic Radia  Pois           #####...     1%          4    ####...
e - Venom Bolt            Conj/Pois      #####.....   4%          5    #####..

Your spell library contained the following spells:

 Spells                   Type           Power        Failure   Level  Hunger
 Spider Form              Tmut/Pois      ####......   1%          3    ##.....
 Beastly Appendage        Tmut           #.....       4%          1    None
 Sticks to Snakes         Tmut           #.......     8%          2    None
 Ice Form                 Ice/Tmut       #.......     43%         4    ####...
 Blade Hands              Tmut           #.........   77%         5    #####..


Dungeon Overview and Level Annotations

Branches:
Dungeon (10/15)            Temple (1/1) D:4
   Lair: D:8-11         Orc: D:9-12

Altars:
Ashenzari
Cheibriados
Dithmenos
Elyvilon
Fedhas
Gozag
Hepliaklqana
Kikubaaqudgha
Makhleb
Nemelex Xobeh
Okawaru
Qazlal
Ru
Sif Muna
Trog
Uskayaw
Vehumet
Wu Jian
Xom
Yredelemnul
Zin
The Shining One

Annotations:
D:9 3 runed translucent doors, flt's ghost, journeyman OpAE


Innate Abilities, Weirdness & Mutations

You cannot wear boots.
Your serpentine skin is tough. (AC +3)
You have supernaturally acute eyesight. (SInv)
Armour fits poorly on your strangely shaped body.
Your system is resistant to poisons. (rPois)
You cover ground very slowly.
You have a slow metabolism.
You can spit poison.
Your tail ends in a poisonous barb.
Your body sometimes deteriorates upon taking damage.
You evolve.


Message History

The two-headed ogre looks as sick as possible!
You block the two-headed ogre's attack.
The two-headed ogre hits you with a +0 dire flail.
* * * LOW HITPOINT WARNING * * *
You feel much better.
The two-headed ogre hits you with a +0 giant club!
The two-headed ogre hits you but does no damage.
Press: ? - help, Shift-Dir - straight line, f/p - two-headed ogre
Aim: a two-headed ogre, wielding a +0 giant club and a +0 dire flail (severely wounded, poisoned, umbra)
The splash of poison hits the two-headed ogre!
The two-headed ogre looks as sick as possible!
The two-headed ogre is almost dead.
You feel slightly more hungry. You block the two-headed ogre's attack.
The two-headed ogre hits you with a +0 dire flail!
* * * LOW HITPOINT WARNING * * *
Unknown command.
The two-headed ogre hits you with a +0 giant club!!
* * * LOW MAGIC WARNING * * *;
* * * LOW HITPOINT WARNING * * *
The two-headed ogre hits you with a +0 dire flail!
You die...

#.............)
#...[..........
#..............
#........(.....
#.............. #[.
#+###..............
#...###..#.....##########
.......O.#.....#
[.......@#.....#
.........'.....#
.........#.....#
....######.....# ..
#####.....###### ...
#...#.....#....#
...##...#.....#....#
........#.....#....#
........#.....#....#


You could see a two-headed ogre.

Vanquished Creatures
  Erolcha (D:9)
  An unseen horror (D:8)
  3 hippogriffs
  A wyvern (D:8)
  2 steam dragons
  Duvessa (D:5)
  4 orc warriors
  Purgy (Sewer)
  2 ice beasts
  A sky beast (D:4)
  5 ogres
  A phantom (D:9)
  4 centaurs
  5 bullfrogs
  Dowan (D:5)
  5 scorpions
  A wyvern skeleton (D:8)
  5 killer bees (D:9)
  A howler monkey (D:7)
  3 wights
  4 crimson imps
  2 centaur zombies
  A bullfrog zombie (D:7)
  7 hounds
  6 jellies
  2 centaur skeletons (D:4)
  2 bullfrog skeletons
  4 orc priests
  13 orc wizards
  4 iguanas
  Ijyb (D:5)
  4 worker ants
  Natasha (thrice) (D:4)
  A hound skeleton (D:5)
  3 worker ant zombies
  Robin (D:3)
  4 gnolls (D:6)
  15 adders
  A river rat (D:6)
  A shadow imp (D:6)
  4 oozes
  2 adder skeletons
  2 worms
  A dart slug (D:1)
  7 leopard geckos
  48 orcs
  3 ball pythons
  11 giant cockroaches
  21 goblins
  8 hobgoblins
  3 jackals (D:9)
  9 kobolds
  4 quokkas
  A ball python zombie (D:5)
  12 bats
  13 frilled lizards
  A jackal zombie (D:8)
  6 rats
283 creatures vanquished.

Vanquished Creatures (others)
  2 plants (D:9)
2 creatures vanquished.

Grand Total: 285 creatures vanquished

Notes
Turn   | Place    | Note
-------+----------+-------------------------------------------
     0 | D:1      | Htamos the Naga Venom Mage began the quest for the Orb.
     0 | D:1      | Reached XP level 1. HP: 15/15 MP: 3/3
    84 | D:1      | Reached XP level 2. HP: 22/22 MP: 0/5
   841 | D:1      | Reached XP level 3. HP: 30/30 MP: 4/6
   845 | D:1      | Learned a level 2 spell: Poisonous Vapours
   849 | D:1      | Learned a level 3 spell: Mephitic Cloud
  1120 | D:1      | Reached skill level 1 in Fighting
  1644 | D:2      | Reached XP level 4. HP: 35/38 MP: 2/7
  1904 | D:2      | Reached skill level 5 in Poison Magic
  2297 | D:2      | Reached skill level 1 in Shields
  2964 | D:3      | Reached XP level 5. HP: 41/44 MP: 0/8
  3776 | D:3      | Noticed Robin
  3788 | D:3      | Killed Robin
  4397 | D:4      | Noticed a sky beast
  4409 | D:4      | Killed a sky beast
  4409 | D:4      | Reached skill level 1 in Maces & Flails
  4409 | D:4      | Reached XP level 6. HP: 36/52 MP: 1/10
  4519 | D:4      | Reached skill level 6 in Poison Magic
  5238 | D:4      | Found a staircase to the Ecumenical Temple.
  5261 | D:4      | Reached skill level 5 in Stealth
  5261 | D:4      | Reached XP level 7. HP: 43/61 MP: 0/11
  5282 | Temple   | Entered the Ecumenical Temple
  5487 | Temple   | Became a worshipper of Dithmenos the Shadowed
  5508 | D:4      | Noticed Natasha
  5518 | D:4      | Killed Natasha
  6114 | D:4      | Noticed Natasha
  6120 | D:4      | Killed Natasha
  6170 | D:4      | Reached skill level 7 in Poison Magic
  6551 | D:4      | Found an iron altar of Okawaru.
  6575 | D:4      | Noticed Natasha
  6579 | D:4      | Killed Natasha
  6745 | D:4      | Reached XP level 8. HP: 23/68 MP: 0/13
  6964 | D:4      | Learned a level 4 spell: Olgreb's Toxic Radiance
  6991 | D:5      | Entered Level 5 of the Dungeon
  7314 | D:5      | Noticed Ijyb
  7320 | D:5      | Killed Ijyb
  7726 | D:5      | Reached * piety under Dithmenos
  7935 | D:5      | Noticed Dowan
  7952 | D:5      | Noticed Duvessa
  7973 | D:5      | Killed Dowan
  8082 | D:5      | Killed Duvessa
  8082 | D:5      | Reached skill level 8 in Poison Magic
  8679 | D:6      | Reached skill level 1 in Short Blades
  9173 | D:6      | Found a glowing golden altar of the Shining One.
  9220 | D:6      | Found a glowing drain.
  9245 | Sewer    | Entered a sewer
  9409 | Sewer    | Noticed Purgy
  9416 | Sewer    | Killed Purgy
  9416 | Sewer    | Reached XP level 9. HP: 77/78 MP: 8/15
  9586 | D:6      | Learned a level 5 spell: Venom Bolt
  9877 | D:6      | Reached ** piety under Dithmenos
 10115 | D:6      | Found a sacrificial altar of Ru.
 10116 | D:6      | Found a burning altar of Makhleb.
 10116 | D:6      | Found a sparkling altar of Nemelex Xobeh.
 10116 | D:6      | Found an ancient bone altar of Kikubaaqudgha.
 10181 | D:6      | Found an opulent altar of Gozag.
 10182 | D:6      | Found a deep blue altar of Sif Muna.
 10393 | D:7      | Found a bloodstained altar of Trog.
 10422 | D:7      | Reached skill level 9 in Poison Magic
 11648 | D:8      | Noticed an unseen horror
 11666 | D:8      | Killed an unseen horror
 11666 | D:8      | Reached skill level 10 in Poison Magic
 11666 | D:8      | Reached XP level 10. HP: 80/87 MP: 0/17
 11901 | D:8      | Reached skill level 5 in Conjurations
 12133 | D:8      | Reached skill level 5 in Spellcasting
 12405 | D:8      | Found a shattered altar of Ashenzari.
 12445 | D:8      | Reached skill level 5 in Fighting
 13112 | D:8      | Reached *** piety under Dithmenos
 14374 | D:9      | Reached skill level 11 in Poison Magic
 14467 | D:9      | Found a runed translucent gate.
 14468 | D:9      | Found a runed translucent gate.
 14468 | D:9      | Noticed an 11-headed hydra
 14468 | D:9      | Noticed flt's ghost (journeyman OpAE)
 15181 | D:9      | Found a runed translucent gate.
 15378 | D:9      | Noticed Erolcha
 15386 | D:9      | Killed Erolcha
 15386 | D:9      | Reached skill level 1 in Air Magic
 15386 | D:9      | Reached skill level 1 in Evocations
 15386 | D:9      | Reached XP level 11. HP: 87/97 MP: 3/19
 16165 | D:10     | Entered Level 10 of the Dungeon
 16263 | D:10     | Noticed a two-headed ogre
 16270 | D:10     | Gained mutation: Your body sometimes deteriorates upon
                  | taking damage. [potion of mutation]
 16270 | D:10     | Gained mutation: You evolve. [potion of mutation]
 16270 | D:10     | Gained mutation: Your tail ends in a poisonous barb.
                  | [potion of mutation]
 16277 | D:10     | Slain by a two-headed ogre

Skill      XL: |  1  2  3  4  5  6  7  8  9 10 |
---------------+-------------------------------+-----
Fighting       | 1 2 3 4 5 |  5.7
Poison Magic   | 5 6 7 8 10 11 | 11.6
Shields        | 1 2 3 4 |  4.0
Stealth        | 4 5 7 8 9 |  9.9
Conjurations   | 2 3 4 5 |  5.9
Maces & Flails | 1 2 |  2.5
Spellcasting   | 3 4 5 |  5.6
Short Blades   | 1 3 4 |  4.5
Air Magic      | 1 |  1.4
Evocations     | 1 |  1.3
Dodging        | |  1.5

Action                   |  1- 3 |  4- 6 |  7- 9 | 10-12 || total
-------------------------+-------+-------+-------+-------++-------
Melee: Unarmed           |    81 |       |       |       ||    81
       Whip              |     6 |    81 |   296 |       ||   383
       Dagger            |       |       |   181 |   269 ||   450
 Cast: Sting             |    47 |   167 |   105 |    75 ||   394
       Poisonous Vapours |       |    17 |   116 |    98 ||   231
       Olgreb's Toxic Ra |       |       |       |     9 ||     9
       Venom Bolt        |       |       |       |     2 ||     2
Invok: Shadow Step       |       |       |     1 |       ||     1
 Abil: Spit Poison       |     2 |     4 |    13 |     2 ||    21
Evoke: Wand              |       |       |    12 |     2 ||    14
  Use: Scroll            |     3 |     2 |     3 |     9 ||    17
       Potion            |       |     9 |     3 |     6 ||    18
 Stab: Sleeping          |       |       |     6 |     3 ||     9
       Distracted        |       |       |     1 |       ||     1
  Eat: Chunk             |     2 |    12 |    15 |     7 ||    36
       Ration            |       |       |     2 |     2 ||     4
Armor: Plate armour      |   103 |       |       |       ||   103
       Robe              |     1 |    17 |       |     4 ||    22
       Ring mail         |       |    12 |    66 |       ||    78
       Troll leather arm |       |       |    68 |    63 ||   131
Dodge: Dodged            |    16 |    67 |   218 |   128 ||   429
Block: Buckler           |    10 |    28 |    74 |    60 ||   172
